 Dungeon Crawl Stone Soup version 0.29-a0-360-g8ed1089bbe (webtiles) character file.

Game seed: 11263912078538603512

1271 Antichthon the Sneak (level 8, -3/37 HPs)
             Began as a Spriggan Enchanter on Apr 29, 2022.
             Was an Initiate of Dithmenos.
             Slain by a hornet zombie (7 damage)
             ... on level 6 of the Dungeon.
             The game lasted 00:16:09 (6674 turns).

Antichthon the Sneak (Spriggan Enchanter)           Turns: 6674, Time: 00:16:10

Health: -3/37      AC:  4    Str:  4    XL:     8   Next: 28%
Magic:  11/14      EV: 18    Int: 18    God:    Dithmenos [......]
Gold:   309        SH:  0    Dex: 18    Spells: 8/13 levels left

rFire   + . .      SeeInvis +   a - +1 dagger
rCold   . . .      Faith    .   (no shield)
rNeg    . . .      Spirit   .   b - +0 robe
rPois   .          Reflect  .   y - +1 hat
rElec   .          Harm     .   r - +0 cloak
rCorr   .          Rampage  .   (gloves unavailable)
Will    +....                   (boots unavailable)
Stlth   +++.......              (no amulet)
HPRegen 0.12/turn               g - ring of wizardry
MPRegen 0.14/turn               s - ring of protection from fire

@: confusing by touch, studying Bows, very quick
A: very small, no large weapons, unfitting armour, see invisible, speed 3,
clever 1
a: Renounce Religion


You were on level 6 of the Dungeon.
You worshipped Dithmenos.
Dithmenos was noncommittal.
You visited 2 branches of the dungeon, and saw 7 of its levels.

You collected 309 gold pieces.

Inventory:

Hand Weapons
 a - a +1 dagger (weapon)
Armour
 b - a +0 robe (worn)
 r - a +0 cloak (worn)
 y - a +1 hat (worn)
Jewellery
 g - a ring of wizardry (left hand)
 s - a ring of protection from fire (right hand)
 B - a ring of ice
Wands
 e - a wand of paralysis (9)
Scrolls
 d - 3 scrolls of teleportation
 f - a scroll of magic mapping
 i - a scroll of immolation
 j - a scroll of blinking
 m - a scroll of silence
 q - 2 scrolls of fear
 z - 2 scrolls of enchant armour
Potions
 c - 2 potions of invisibility
 h - a potion of degeneration {unknown}
 k - 2 potions of attraction
 l - a potion of magic {unknown}
 n - a potion of flight {unknown}
 p - a potion of cancellation {unknown}
 u - 2 potions of haste
 v - a potion of heal wounds {unknown}
 w - 2 potions of mutation
 x - 4 potions of curing
 C - 2 potions of lignification {unknown}


   Skills:
 * Level 0.7 Fighting
 * Level 5.9 Short Blades
 * Level 3.2 Dodging
 * Level 6.3 Stealth
 * Level 5.4 Shields
 * Level 3.3 Spellcasting
 * Level 4.1 Hexes


You had 8 spell levels left.
You knew the following spells:

 Your Spells              Type           Power      Damage    Failure   Level
a - Ensorcelled Hibernat  Hex/Ice        20%        N/A       4%          2
b - Confusing Touch       Hex            18%        N/A       3%          3

Your spell library contained the following spells:

 Spells                   Type           Power      Damage    Failure   Level
 Tukima's Dance           Hex            18%        N/A       3%          3
 Dazzling Flash           Conj/Hex       20%        N/A       9%          3
 Scorch                   Fire           6%         2d5       10%         2
 Leda's Liquefaction      Hex/Erth       5%         N/A       26%         4
 Flame Wave               Conj/Fire      3%         2d4       50%         4
 Lee's Rapid Deconstruct  Erth           1%         3d5*      83%         5
 Statue Form              Tmut/Erth      2%         N/A       100%        6
 Summon Cactus Giant      Summ           1%         N/A       100%        6


Dungeon Overview and Level Annotations

Branches:
Dungeon (6/15)             Temple (1/1) D:6

Altars:
Ashenzari
Cheibriados
Dithmenos
Elyvilon
Fedhas
Hepliaklqana
Kikubaaqudgha
Makhleb
Qazlal
Ru
Sif Muna
Trog
Yredelemnul
Zin
The Shining One


Innate Abilities, Weirdness & Mutations

You are very small and have problems with some larger weapons.
You are too small for most types of armour.
You have supernaturally acute eyesight. (SInv)
You cover ground extremely quickly. (Speed+++)
Your mind is acute. (Int +2)


Message History

The orc drinks a potion.
The orc seems to grow stronger.
You hit the orc.
The orc is lightly wounded.
You closely miss the orc.
The orc is lightly wounded.
The orc completely misses you.
You hit the orc.
The orc is severely wounded.
The hornet zombie misses you. The orc misses you.
You barely miss the orc.
The orc is severely wounded.
The hornet zombie hits you!
You hit the orc.
The orc is almost dead.
The orc completely misses you.
You closely miss the orc.
The orc is almost dead.
You closely miss the orc.
The orc is almost dead.
The orc hits you with a +0 club.
Press: ? - help, v - describe, . - travel
Here: a hornet zombie (lightly damaged)
The floor.
You hit the orc.
You kill the orc!
Dithmenos accepts your kill.
Casting: Confusing Touch (dangerous; 3% risk of failure)
Confirm with . or Enter, or press ? or * to list all spells.
Your hands begin to glow red.
The hornet zombie hits you!
* * * LOW HITPOINT WARNING * * *
You hit the hornet zombie but do no damage.
The hornet zombie is lightly damaged.
The hornet zombie completely misses you.
You barely miss the hornet zombie.
The hornet zombie is lightly damaged.
The hornet zombie misses you.
You hit the hornet zombie but do no damage.
The hornet zombie is lightly damaged.
The hornet zombie hits you!
You die...

..........####..###....##
...[.................>..#
..........#####.#.....#.#
......................#.#
..........#####.#..8....#
..........#####.......###
######'#.......#..)...#
......?........#Z####.#########*
...............#@#.............*
...............#...............*
...............##..............*
######.#.......##..............*
# #..........##..............* #
#..........##..##...##.....* #
#..........##..##...##.###** #
#..........###.........# #
#.................>....#


You could see a hornet zombie.

Vanquished Creatures
  Menkaure (D:6)
  A water moccasin (D:6)
  An ogre (D:4)
  2 centaurs (D:6)
  2 phantoms
  A necrophage (D:5)
  A scorpion (D:5)
  2 howler monkeys
  A bullfrog zombie (D:6)
  An orc priest (D:6)
  3 hounds
  2 iguanas (D:4)
  2 jellies
  An orc wizard (D:6)
  7 adders
  A shadow imp (D:6)
  A worm (D:2)
  3 dart slugs
  13 orcs
  4 ball pythons
  5 endoplasms
  4 giant cockroaches
  7 hobgoblins
  9 kobolds
  2 quokkas
  7 bats
  5 frilled lizards
  4 goblins
  2 rats
95 creatures vanquished.

Vanquished Creatures (others)
  A withered plant (D:6)
1 creature vanquished.

Grand Total: 96 creatures vanquished

Notes
Turn   | Place    | Note
-------+----------+-------------------------------------------
     0 | D:1      | Antichthon the Spriggan Enchanter began the quest for the
                  | Orb.
     0 | D:1      | Reached XP level 1. HP: 9/9 MP: 5/5
   172 | D:1      | Reached skill level 5 in Stealth
   174 | D:1      | Reached XP level 2. HP: 13/13 MP: 6/6
   562 | D:1      | Learned a level 2 spell: Ensorcelled Hibernation
   853 | D:1      | Reached skill level 1 in Shields
  1144 | D:2      | Found a faded altar of an unknown god.
  1152 | D:2      | Reached XP level 3. HP: 16/16 MP: 8/8
  1317 | D:2      | Learned a level 3 spell: Confusing Touch
  1776 | D:2      | Reached XP level 4. HP: 20/21 MP: 9/9
  2367 | D:3      | Identified the +8 ring mail of Theory {-Cast Fly Slay+4
                  | Stlth+}
  2851 | D:4      | Noticed an ogre
  2861 | D:4      | Killed an ogre
  2862 | D:4      | Reached XP level 5. HP: 24/24 MP: 5/10
  3295 | D:4      | Reached skill level 5 in Short Blades
  3651 | D:4      | Identified the +6 hand axe "Ethrachu" {holy, rElec Will+
                  | Stlth+}
  3917 | D:5      | Entered Level 5 of the Dungeon
  3986 | D:4      | Reached XP level 6. HP: 25/28 MP: 11/11
  4968 | D:5      | Reached XP level 7. HP: 32/32 MP: 5/12
  5019 | D:5      | Found an ancient bone altar of Kikubaaqudgha.
  5286 | D:5      | Found a broken altar of Ashenzari.
  5426 | D:6      | Found a staircase to the Ecumenical Temple.
  5443 | Temple   | Entered the Ecumenical Temple
  5474 | Temple   | Became a worshipper of Dithmenos the Shadowed
  5525 | D:6      | Noticed Menkaure
  5546 | D:6      | Reached skill level 5 in Shields
  5744 | Temple   | Gained mutation: Your mind is acute. (Int +2) [potion of
                  | mutation]
  5977 | D:6      | Reached XP level 8. HP: 27/36 MP: 13/13
  6128 | D:6      | Reached skill level 6 in Stealth
  6265 | D:6      | Found a stormy altar of Qazlal.
  6315 | D:6      | Found a snail-covered altar of Cheibriados.
  6620 | D:6      | Killed Menkaure
  6674 | D:6      | Slain by a hornet zombie

Illustrated notes

Levels and vault maps discovered:
D:1:      dpeg_arrival_prison, layout_rooms, grunt_decor_cap, moated_statue
D:2:      layout_rooms, ebering_ecumenical_altar_mist
D:3:      layout_loops_ring
D:4:      layout_loops_ring
D:5:      layout_rooms, evilmike_ruin_ashenzari, mainiacjoe_overflow_chevrons
D:6:      layout_basic, nicolae_qazlal_general_emergency,
          cheibrodos_worm_habitat, minmay_temple_entry_stoned_glass,
          serial_undead, serial_undead_d, serial_undead_b, serial_undead_a,
          serial_undead_e, uniq_menkaure, uniq_maggie
Temple:   minmay_temple_bridge_abc

Skill      XL: |  1  2  3  4  5  6  7  8 |
---------------+-------------------------+-----
Stealth        | 5 6 |  6.3
Short Blades   | 2 3 4 5 |  5.9
Shields        | 1 2 4 5 |  5.4
Spellcasting   | 3 |  3.3
Dodging        | 3 |  3.2
Hexes          | 4 |  4.1
Fighting       | |  0.7

Action                   |  1- 3 |  4- 6 |  7- 9 || total
-------------------------+-------+-------+-------++-------
Melee: Dagger            |   162 |   142 |   102 ||   406
       Punch             |     3 |     2 |     1 ||     6
 Cast: Ensorcelled Hiber |       |    28 |    12 ||    40
       Confusing Touch   |       |     1 |     4 ||     5
  Use: Scroll            |       |       |    15 ||    15
       Potion            |       |       |     1 ||     1
 Stab: Sleeping          |     9 |    21 |    12 ||    42
       Confused          |       |     2 |     4 ||     6
Armor: Robe              |    37 |     9 |     9 ||    55
Dodge: Dodged            |   143 |    89 |    57 ||   289

Table legend: (Time is in decaauts)
 A = Elapsed time spent in this place.
 B = Non-inter-level travel time spent in this place.
 C = Inter-level travel time spent in this place.
 D = Time resting spent in this place.
 E = Time spent auto-exploring this place.
 F = Levels seen in this place.
 G = Mean time per level.
                   A        B        C        D        E       F      G
               +--------+--------+--------+--------+--------+-----+--------+
         Total |   5362 |   5251 |    111 |   1522 |   2629 |   7 |  766.0 |
       Dungeon |   4906 |   4808 |     98 |   1115 |   2617 |   6 |  817.7 |
        Temple |    455 |    442 |     13 |    407 |     11 |   1 |  455.0 |
               +--------+--------+--------+--------+--------+-----+--------+

Top non-repeatable levels by time:
     D:4: 1276 daAuts
     D:1: 913 daAuts
     D:3: 783 daAuts
     D:2: 731 daAuts
     D:6: 655 daAuts
     D:5: 545 daAuts
  Temple: 455 daAuts
